 Dungeon Crawl Stone Soup version 0.32-a0-918-g0f22ef8d61 (webtiles) character file.

Game seed: 16509986726052925671

1058 Adrian566 the Covert (level 8, -3/51 HPs)
             Began as an Octopode Brigand on Apr 11, 2024.
             Killed from afar by an electric eel (12 damage)
             ... with a bolt of electricity
             ... on level 6 of the Dungeon.
             The game lasted 00:05:33 (5607 turns).

Adrian566 the Covert (Octopode Brigand)             Turns: 5607, Time: 00:05:33

Health: -3/51      AC:  3    Str:  3 (11) XL:     8   Next: 27%
Magic:  8/8        EV: 12    Int: 10 (13) God:
Gold:   224        SH:  4    Dex: 12 (15) Spells: 7/7 levels left

rFire   . . .        l - +1 short sword (speed)
rCold   + . .        (no shield)
rNeg    . . .        (helmet restricted)
rPois   .            (no amulet)
rElec   .            (no ring)
rCorr   .            (no ring)
SInv    .            (no ring)
Will    .....        (no ring)
Stlth   ++++++       (no ring)
HPRegen 0.28/turn    (no ring)
MPRegen 0.11/turn    (no ring)
                     (no ring)

%: no passive effects
@: hasted, quick
A: almost no armour, amphibious, 8 rings, camouflage 1, gelatinous body 1,
(nimble swimmer 1), tentacles, iridescent scales 1, large bone plates 1, cold
resistance 1, wild magic 1
a: no special abilities


You were on level 6 of the Dungeon.
You visited 2 branches of the dungeon, and saw 7 of its levels.
You also visited: Sewer.

You collected 224 gold pieces.

Inventory:

Hand Weapons
 a - a +3 dagger
 l - a +1 short sword of speed (weapon)
Missiles
 b - 30 poisoned darts (quivered)
 c - 4 curare-tipped darts
 d - 2 throwing nets
Jewellery
 f - a ring of fire
 h - a ring of flight
 n - an amulet of faith
 s - a ring of ice
Scrolls
 e - a scroll of enchant weapon
 g - a scroll of identify
 i - a scroll of vulnerability
 k - a scroll of teleportation
 r - a scroll of fog {unknown}
Potions
 j - a potion of attraction
 m - a potion of haste
 o - a potion of mutation
 q - a potion of resistance


   Skills:
 + Level 2.8 Fighting
 + Level 4.2 Short Blades
 + Level 2.1 Throwing
 + Level 2.1 Dodging
 * Level 12.4 Stealth
 + Level 0.2 Shields


You had 7 spell levels left.
You didn't know any spells.
Your spell library contained the following spells:

 Spells                   Type           Power      Damage    Failure   Level
 Blink                    Tloc           0%         N/A       58%         2
 Lesser Beckoning         Tloc           0%         N/A       58%         2
 Momentum Strike          Conj/Tloc      0%         3d8       58%         2


Dungeon Overview and Level Annotations

Branches:
Dungeon (6/15)             Temple (1/1) D:6           Sewer (visited)

Altars:
Ashenzari
Cheibriados
Elyvilon
Fedhas
Gozag
Hepliaklqana
Kikubaaqudgha
Nemelex Xobeh
Okawaru
Sif Muna
Xom
Zin
The Shining One

Annotations:
D:3 3 runed translucent doors, dynoo's ghost, amateur GnSh
D:6 Pikel


Innate Abilities, Weirdness & Mutations

You cannot wear most types of armour.
You are amphibious.
You can wear up to eight rings at the same time.
Your skin changes colour to match your surroundings (Stealth+).
Your rubbery body absorbs attacks. (AC +1, EV +1)
((You are camouflaged when in or above water. (Stealth+)))
You have tentacles for arms and can constrict up to eight enemies at once.
You are partially covered in iridescent scales. (AC +2)
You are partially covered in large bone plates. (SH +4)
Your flesh is cold resistant. (rC+)
Your spells are a little harder to cast, but a little more powerful.


Message History

A sky beast comes into view.
Found 13 gold pieces.
The lemure hits you!
Pikel says, "Asmodeus and me are pals.
He gave me this whip."
Pikel hits you with a +0 whip of flaming.
Pikel burns you. The adder closely misses you. You block the lemure's attack.
The lemure hits you!
Pikel hits you with a +0 whip of flaming.
Pikel burns you. The adder barely misses you. You block the adder's attack.
There is a large open door here.
The adder barely misses you. The lemure hits you but does no damage.
The lemure attacks as it pursues you! The lemure hits you. The lemure hits you.
As you read the scroll of teleportation, it crumbles to dust.
You feel strangely unstable. The lemure misses you.
The lemure attacks as it pursues you! The lemure hits you.
* * * LOW HITPOINT WARNING * * *
You miss the lemure. Your grab misses the lemure. The lemure hits you.
* * * LOW HITPOINT WARNING * * *
You barely miss the lemure. You grab the lemure. You constrict the lemure.
The lemure hits you.
* * * LOW HITPOINT WARNING * * *
You hit the lemure but do no damage.
The lemure is lightly wounded.
Your surroundings suddenly seem different.
You lose your grip on something.
Found 20 gold pieces.
An electric eel comes into view.
The sky beast flickers out of sight!
Deactivating autopickup; reactivate with Ctrl-A.
The electric eel shoots out a bolt of lightning at you!
The bolt of electricity hits you.
* * * LOW HITPOINT WARNING * * *
Reactivating autopickup.
A sky beast appears from thin air!
The water moccasin hisses angrily.
It was a potion of haste.
You feel yourself speed up.
The electric eel shoots out a bolt of lightning at you!
The bolt of electricity hits you!
You die...

########++ #≈≈S≈≈≈≈..
#≈........ #≈.≈..≈...
#≈........ #≈.........
#≈@≈..≈.... #≈......... # .#
#≈S.....$$. ##.
#≈......$$...... ...###.....
#≈...Y....(.....
.....#........#≈.≈S.≈(...≈..≈.
.#...#........#≈...5§.........
.#............#≈..............
.###..........#≈.≈..≈S...≈..≈.


You could see a water moccasin, a sky beast, a lemure, an electric eel and an
adder.

Vanquished Creatures
  Edmund (D:4)
  A centaur (D:5)
  4 kobold brigands
  Blork the orc (D:4)
  A scorpion (D:6)
  A bombardier beetle (D:5)
  5 hounds
  An orc priest (D:5)
  Terence (D:2)
  Natasha (thrice) (D:4)
  3 gnolls (D:3)
  3 adders
  2 ufetubi (D:5)
  2 ribbon worms
  A dart slug (D:2)
  4 orcs
  6 ball pythons
  8 endoplasms
  2 giant cockroaches
  7 goblins
  8 hobgoblins
  3 quokkas (D:3)
  2 bats
  5 frilled lizards
  14 kobolds
  9 rats
98 creatures vanquished.

Notes
Turn   | Place    | Note
-------+----------+-------------------------------------------
     0 | D:1      | Adrian566 the Octopode Brigand began the quest for the Orb.
     0 | D:1      | Reached XP level 1. HP: 14/14 MP: 1/1
   248 | D:1      | Reached XP level 2. HP: 18/19 MP: 2/2
   435 | D:1      | You fall into a shaft and drop 1 floor!
   556 | D:2      | Reached skill level 6 in Stealth
   657 | D:2      | Reached XP level 3. HP: 18/24 MP: 3/3
   844 | D:2      | Noticed Terence
   856 | D:2      | Killed Terence
   921 | D:2      | Found a faded altar of an unknown god.
  1164 | D:2      | Reached XP level 4. HP: 27/29 MP: 4/4
  1180 | D:2      | Prayed at the altar of an unknown god.
  1180 | D:2      | Became a worshipper of Cheibriados the Contemplative
  1180 | D:2      | Reached * piety under Cheibriados
  1247 | D:3      | Reached skill level 7 in Stealth
  1365 | D:3      | Fell from the grace of Cheibriados
  1564 | D:3      | Found a runed translucent gate.
  1564 | D:3      | Found a runed translucent gate.
  1564 | D:3      | Found a runed translucent gate.
  1576 | D:3      | Found a glowing silver altar of Zin.
  1643 | D:3      | Reached XP level 5. HP: 34/34 MP: 5/5
  1781 | D:3      | Reached skill level 8 in Stealth
  1868 | D:3      | Noticed dynoo's ghost (amateur GnSh)
  2059 | D:4      | Noticed Blork the orc
  2063 | D:4      | Noticed a kobold brigand
  2069 | D:4      | Killed Blork the orc
  2070 | D:4      | Reached XP level 6. HP: 35/39 MP: 6/6
  2074 | D:4      | Reached skill level 9 in Stealth
  2135 | D:4      | Noticed Natasha
  2141 | D:4      | Killed Natasha
  2143 | D:4      | Noticed Natasha
  2147 | D:4      | Killed Natasha
  2305 | D:4      | Noticed Edmund
  2552 | D:4      | Gained mutation: You occasionally lose the ability to drink
                  | potions when taking damage. [potion of mutation]
  2552 | D:4      | Gained mutation: Your skin blends seamlessly with your
                  | surroundings (Stealth++). [potion of mutation]
  2582 | D:4      | Found a white marble altar of Elyvilon.
  2742 | D:4      | Noticed Natasha
  2749 | D:4      | Killed Natasha
  2837 | D:5      | Entered Level 5 of the Dungeon
  2900 | D:5      | Reached skill level 10 in Stealth
  2900 | D:5      | Reached XP level 7. HP: 44/45 MP: 7/7
  3039 | D:5      | Found a glowing drain.
  3044 | Sewer    | Entered a sewer
  3244 | Sewer    | Reached skill level 11 in Stealth
  3460 | Sewer    | Lost mutation: Your skin blends seamlessly with your
                  | surroundings (Stealth++). [potion of mutation]
  3460 | Sewer    | Lost mutation: You occasionally lose the ability to drink
                  | potions when taking damage. [potion of mutation]
  3460 | Sewer    | Gained mutation: Your spells are a little harder to cast,
                  | but a little more powerful. [potion of mutation]
  3460 | Sewer    | Gained mutation: You are partially covered in large bone
                  | plates. (SH +4) [potion of mutation]
  3460 | Sewer    | Gained mutation: Your flesh is cold resistant. (rC+)
                  | [potion of mutation]
  3460 | Sewer    | Gained mutation: You are partially covered in iridescent
                  | scales. (AC +2) [potion of mutation]
  4033 | D:5      | HP: 1/45 [centaur (4)]
  4377 | D:4      | Reached XP level 8. HP: 11/51 MP: 8/8
  4701 | D:4      | Killed Edmund
  4702 | D:4      | Reached skill level 12 in Stealth
  5511 | D:6      | Found a staircase to the Ecumenical Temple.
  5518 | Temple   | Entered the Ecumenical Temple
  5587 | D:6      | Noticed Pikel
  5607 | D:6      | Killed from afar by an electric eel

Illustrated notes

Levels and vault maps discovered:
D:1:      dpeg_arrival_solitude, layout_loops_corners, grunt_decor_cap
D:2:      kennysheep_big_flooded_room, layout_basic,
          dilly_ecumenical_altar_fadedgnrine, uniq_terence
D:3:      layout_loops_ring, zin_statuary, gammafunk_ghost_icy
D:4:      layout_basic, kennysheep_mini_moat, item_on_display_a, uniq_natasha,
          uniq_edmund, uniq_blork_the_orc
D:5:      layout_layer_cave, portal_sewer_entry_e, nicolae_figureground_pulse
D:6:      layout_basic, general_overflow_altar, minmay_temple_entry_junction_2,
          kennysheep_dice, uniq_pikel, uniq_crazy_yiuf_cottage
Temple:   compressed_dpeg_circular_temple

Skill      XL: |  1  2  3  4  5  6  7  8 |
---------------+-------------------------+-----
Stealth        | 6 7 8 10 11 12 | 12.4
Short Blades   | 3 4 |  4.2
Dodging        | 2 |  2.1
Fighting       | |  2.8
Throwing       | |  2.1
Shields        | |  0.2

Action                     |  1- 3 |  4- 6 |  7- 9 || total
---------------------------+-------+-------+-------++-------
  Melee: Dagger            |    47 |    68 |    30 ||   145
         Constrict         |    10 |    14 |    19 ||    43
         Tentacles         |     7 |    22 |    17 ||    46
         Short sword       |       |       |    52 ||    52
 Invoke: Renounce Religion |       |     1 |       ||     1
    Use: Scroll            |       |     7 |     5 ||    12
         Potion            |       |     7 |     6 ||    13
   Stab: Sleeping          |    13 |    22 |    13 ||    48
 Armour: Skin              |    10 |    29 |    61 ||   100
  Dodge: Dodged            |     8 |    23 |    57 ||    88
  Block: Other             |       |       |    12 ||    12

Table legend: (Time is in decaauts)
 A = Elapsed time spent in this place.
 B = Non-inter-level travel time spent in this place.
 C = Inter-level travel time spent in this place.
 D = Time resting spent in this place.
 E = Time spent auto-exploring this place.
 F = Levels seen in this place.
 G = Mean time per level.
                   A        B        C        D        E       F      G
               +--------+--------+--------+--------+--------+-----+--------+
         Total |   6500 |   6322 |    178 |   1341 |   3983 |   8 |  812.5 |
       Dungeon |   5947 |   5791 |    156 |   1341 |   3672 |   6 |  991.2 |
        Temple |     53 |     31 |     22 |      0 |      0 |   1 |   53.0 |
         Sewer |    499 |    499 |      0 |      0 |    311 |   1 |  499.0 |
               +--------+--------+--------+--------+--------+-----+--------+

Top non-repeatable levels by time:
     D:5: 1923 daAuts
     D:4: 1725 daAuts
     D:3: 979 daAuts
     D:2: 812 daAuts
   Sewer: 499 daAuts
     D:1: 433 daAuts
     D:6: 73 daAuts
  Temple: 53 daAuts
